cohdb
Replays
Latest Replays
All Replays
Popular Replays
Top Player Replays
Match Explorer
How It Works
Community
CoH3 Stats
Reddit
Sign in to upload your games and track your stats! →
Sign in with Steam
Match 41060417
Unlisted
Match 41060417
Overview
Messages
Build Orders
End
Construct Section Command Post
Royal Engineer Section
Dingo Light Scout Car
Infantry Section
Selects Canadian Shock Battlegroup
Selects Canadian Shock Battlegroup
Infantry Section
Construct Platoon Command Post
Selects Attacking Spirit
Selects Canadian Shock Section
Selects Offensive Resupply
Selects Canadian Shock Section
Canadian Shock Section
Canadian Shock Section
Unlock M3 Stuart Light Tanks
Selects Incendiary Munitions
M3 Stuart Light Tank
Canadian Shock Section
M3 Stuart Light Tank
Selects Pyrotechnics
M3 Stuart Light Tank
Canadian Shock Section
Infantry Training
Royal Engineer Section
Selects Churchill Crocodile Heavy Tank
Churchill Crocodile Heavy Tank
Royal Engineer Section
6-pounder Anti-tank Gun Team
6-pounder Anti-tank Gun Team
The101stAirBorne ITA
Capibimbambombolilalone ITA
CAuMOH
Asuka top soska>З
0
0
Comments
sign in to comment!
No comments posted yet!